 Dungeon Crawl Stone Soup version 0.22-a0-825-ga28c36f (webtiles) character file.

144 KyrpaJooseppi the Ducker (level 5, -2/41 HPs)
             Began as a Vampire Hunter on July 24, 2018.
             Slain by an orc
             ... wielding a +0 morningstar
              (4 damage)
             ... on level 3 of the Dungeon.
             The game lasted 00:06:38 (1620 turns).

KyrpaJooseppi the Ducker (Vampire Hunter)           Turns: 1620, Time: 00:06:39

Health: -2/41      AC:  3    Str: 11 (12) XL:     5   Next: 5%
Magic:  4/4        EV: 13    Int: 13 (14) God:
Gold:   170        SH:  0    Dex: 13 (14) Spells: 4/4 levels left

rFire    . . .     SeeInvis +   b - +0 short sword
rCold    . . .     Gourm    .   (no shield)
rNeg     + . .     Faith    .   c - +0 leather armour
rPois    .         Spirit   .   (helmet restricted)
rElec    .         Reflect  .   (no cloak)
rCorr    .         Harm     .   (no gloves)
MR       .....                  (no boots)
Stlth    ++........             (no amulet)
HPRegen  0.13/turn              (no ring)
MPRegen  0.09/turn              (no ring)

@: no status effects
A: antennae 1, fangs 3, see invisible, blink, low mp 1, unbreathing
a: Bat Form, Blink


You were on level 3 of the Dungeon.
You were not thirsty.

You visited 1 branch of the dungeon, and saw 3 of its levels.

You collected 170 gold pieces.

Inventory:

Hand Weapons
 a - a +1 shortbow
 b - a +0 short sword (weapon)
Missiles
 d - 6 arrows
Armour
 c - a +0 leather armour (worn)
 i - a +0 helmet
 p - a +0 ring mail
Jewellery
 r - an uncursed ring of protection from cold {unknown}
Scrolls
 e - 2 scrolls of magic mapping {unknown}
 f - a scroll of remove curse {unknown}
 h - 2 scrolls of identify {unknown}
 k - 2 scrolls of enchant armour {unknown}
 l - a scroll of teleportation {unknown}
 m - a scroll of amnesia {unknown}
 o - a scroll of fog {unknown}
Potions
 g - a potion of mutation
 n - a potion of heal wounds {unknown}
 q - 16 potions of blood
 s - a potion of haste {unknown}


   Skills:
 + Level 3.5 Fighting
 - Level 3.2 Bows
 + Level 4.4 Dodging
 - Level 1.5 Stealth


You had 4 spell levels left.
You didn't know any spells.
Your spell library was empty.

Dungeon Overview and Level Annotations

Branches:
Dungeon (3/15)

Altars:
Yredelemnul


Innate Abilities, Weirdness & Mutations

You have razor-sharp teeth.
You have supernaturally acute eyesight. (SInv)
You can survive without breathing.
You have a pair of small antennae on your head.
You can translocate small distances at will.
Your magical capacity is low. (-10% MP)


Message History

The orc priest begins to cast a cantrip, but forgets the words!
You hit the orc priest but do no damage.
The orc priest is heavily wounded.
The orc misses you.
The orc priest hits you with a falchion.
It was a potion of mutation.
You feel extremely strange.
You feel jittery.
You feel less energetic. A pair of antennae grows on your head!
Your +0 helmet falls away!
The orc hits you with a morningstar.
The orc priest invokes the aid of Beogh against you.
Beogh smites you!
* * * LOW HITPOINT WARNING * * *
Okay, then.
Unknown command.
Okay, then.
It was a potion of degeneration.
There was something very wrong with that liquid.
You feel weakened.
You feel dopey.
You feel clumsy. The orc hits you with a morningstar.
You die...

#### ###........ . ....
......##.#.# #..# #.....##.#.#
##..####..........
#.....##..##.##.## #
##...#.##..##.....##
###.#....#.##..........#
..(.(.#....)..######...# #
#(o@##.#### #...#
.###.#########o..# #...#
o....(....o.o.o..# #...#
.###.......###.#.#########...#
#...>...###.#..............
#...........#..#.....).....
#.......##.................
#.......###.#.#########...#
#...............# ##...#


You could see an orc priest and 2 orcs.

Vanquished Creatures
  A howler monkey skeleton (D:3)
  4 gnolls (D:2)
  An adder (D:2)
  An adder skeleton (D:3)
  3 worms (D:2)
  2 dart slugs (D:2)
  2 leopard geckos
  5 orcs (D:3)
  A ball python (D:1)
  6 bats
  10 goblins
  4 hobgoblins
  2 jackals (D:1)
  7 kobolds
  4 quokkas (D:2)
  2 frilled lizards
  A jackal zombie (D:3)
  6 rats
62 creatures vanquished.

Vanquished Creatures (others)
  4 toadstools (D:1)
4 creatures vanquished.

Grand Total: 66 creatures vanquished

Notes
Turn   | Place    | Note
-------+----------+-------------------------------------------
     0 | D:1      | KyrpaJooseppi the Vampire Hunter began the quest for the Orb.
     0 | D:1      | Reached XP level 1. HP: 16/16 MP: 1/1
    76 | D:1      | Reached XP level 2. HP: 22/22 MP: 2/2
   409 | D:2      | Reached skill level 3 in Dodging
   571 | D:2      | Reached XP level 3. HP: 25/28 MP: 3/3
   624 | D:2      | Reached XP level 4. HP: 15/35 MP: 4/4
  1118 | D:2      | Reached skill level 4 in Dodging
  1315 | D:3      | Found a runed door.
  1315 | D:3      | Noticed a human
  1335 | D:3      | Found a basalt altar of Yredelemnul.
  1560 | D:3      | Reached XP level 5. HP: 40/41 MP: 5/5
  1619 | D:3      | Gained mutation: You can translocate small distances at will. [potion of mutation]
  1619 | D:3      | Gained mutation: Your magical capacity is low. (-10% MP) [potion of mutation]
  1619 | D:3      | Gained mutation: You have a pair of small antennae on your head. [potion of mutation]
  1619 | D:3      | HP: 2/41 [orc priest/divine providence (12)]
  1620 | D:3      | Slain by an orc

Vault maps used:
D:1:      ldierk_walled_garden_2, kennysheep_nondescript, serial_bayou_pond_a
D:2:      first_ration, minmay_cut_off
D:3:      minivault_5, dk_yredelemnul_ordeal

Skill      XL: |  1  2  3  4 |
---------------+-------------+-----
Fighting       | 2 3 |  3.5
Dodging        | 3 4 |  4.4
Bows           | |  3.2
Stealth        | |  1.5

Action                   |  1- 3 |  4- 6 || total
-------------------------+-------+-------++-------
Melee: Short sword       |    57 |    67 ||   124
       Bite              |     5 |     5 ||    10
 Fire: Shortbow          |    27 |    57 ||    84
  Use: Potion            |     4 |     4 ||     8
Armor: Leather armour    |    14 |    22 ||    36
Dodge: Dodged            |    41 |    54 ||    95

Table legend:
 A = Spawn XP
 B = Non-spawn XP
 C = Spawn XP percentage of total XP
 D = Spawn monster count
 E = Non-spawn monster count
 F = Spawn count percentage of total count
 G = Total turns spent on level
                    A         B        C        D         E        F      G
               +---------+---------+-------+---------+---------+-------+---------
         Total |       0 |     206 |   0.0 |       0 |      62 |   0.0 |  1620
               +---------+---------+-------+---------+---------+-------+---------
           D:1 |       0 |      30 |   0.0 |       0 |      18 |   0.0 |   489
           D:2 |       0 |     129 |   0.0 |       0 |      29 |   0.0 |   771
           D:3 |       0 |      47 |   0.0 |       0 |      15 |   0.0 |   360
               +---------+---------+-------+---------+---------+-------+---------
